 Dungeon Crawl Stone Soup version 0.20.1-1-g8b1a95d (webtiles) character file.

1248 Knicklaso the Martial Artist (level 8, -2/54 HPs)
             Began as a Merfolk Transmuter on July 15, 2017.
             Slain by a wight
             ... wielding a +1 great sword of freezing
              (10 damage)
             ... on level 6 of the Dungeon.
             The game lasted 00:19:44 (5253 turns).

Knicklaso the Martial Artist (Merfolk Transmuter)   Turns: 5253, Time: 00:19:44

Health: -2/54      AC:  2    Str: 17    XL:     8   Next: 50%
Magic:  11/11      EV: 20    Int: 13    God:
Gold:   200        SH:  0    Dex: 19    Spells: 7/11 levels left

rFire    . . .     SeeInvis .     - Unarmed
rCold    . . .     Gourm    .   (shield currently unavailable)
rNeg     . . .     Faith    .   (armour currently unavailable)
rPois    x         Spirit   .   (helmet currently unavailable)
rElec    .         Reflect  .   (cloak currently unavailable)
rCorr    .         Harm     .   (gloves currently unavailable)
MR       .....                  (boots currently unavailable)
Stlth    ++........             (no amulet)
Regen    0.2/turn               (no ring)
MPRegen  0.2/turn               (no ring)

@: mighty, spider-form (expiring), drained
A: (change form in water), (swift swim), (stealthy swim)
a: End Transformation


You were on level 6 of the Dungeon.
You were not hungry.
You were a venomous arachnid creature.
You visited 1 branch of the dungeon, and saw 6 of its levels.

You collected 200 gold pieces.

Inventory:

Missiles
 a - 29 arrows
 g - 181 stones (quivered)
Armour
 n - a +2 cloak (melded)
 x - the cursed +1 leather armour "Maryeman" (melded) {+Fly Str+5}
   (You found it on level 6 of the Dungeon)

   It affects your strength (+5).
   It lets you fly.
   It has a curse placed upon it.
Wands
 o - a wand of iceblast (12/15)
 v - a wand of acid (12/15)
 y - a wand of iceblast (7/15)
Scrolls
 e - 3 scrolls of enchant armour
 i - 2 scrolls of remove curse
 k - 3 scrolls of identify
 l - 2 scrolls of teleportation
 p - a scroll of recharging
 w - a scroll of amnesia
Potions
 f - a potion of might
 h - 4 potions of mutation
 j - a potion of ambrosia
 m - a potion of lignification {unknown}
 q - a potion of agility {unknown}
 t - a potion of resistance {unknown}
 A - a potion of heal wounds {unknown}
 B - a potion of magic
Books
 c - a book of Changes

   Spells                             Type                      Level
   a - Beastly Appendage              Transmutation                1
   b - Sticks to Snakes               Transmutation                2
   c - Spider Form                    Transmutation/Poison         3
   d - Ice Form                       Ice/Transmutation            4
   e - Blade Hands                    Transmutation                5
Comestibles
 b - 10 chunks of flesh
 d - a meat ration
 r - 2 bread rations
 s - 3 royal jellies
 z - 4 fruits


   Skills:
 - Level 1.1(0.8) Fighting
 - Level 2.6(2.4) Dodging
 * Level 9.3(9.0) Unarmed Combat
 - Level 2.0(1.7) Spellcasting
 - Level 8.3(7.9) Transmutations


You had 7 spell levels left.
You knew the following spells:

 Your Spells              Type           Power        Failure   Level  Hunger
a - Beastly Appendage     Tmut           ###...       5%          1    ##.....
b - Spider Form           Tmut/Pois      ##........   34%         3    ####...


Dungeon Overview and Level Annotations

Branches:
Dungeon (6/15)
 Temple: D:4-7

Altars:
Dithmenos
Nemelex Xobeh
Sif Muna
The Shining One


Message History

It was a potion of magic.
Magic courses through your body.
You feel better. The wight misses you.
You bite the wight!
You destroy the wight!
The wight completely misses you. x2
You hit the wight.
The wight is moderately damaged.
The wight hits you with a dire flail.
* * * LOW HITPOINT WARNING * * *
You feel better. The wight barely misses you.
The wight hits you with a dire flail of freezing!
* * * LOW HITPOINT WARNING * * *
You feel drained.
* * * LOW HITPOINT WARNING * * *
The wight freezes you.
* * * LOW HITPOINT WARNING * * *
The wight closely misses you.
You feel very mighty all of a sudden.
The wight hits you with a great sword of freezing!
You die...

#.###.#.#...............
.# ##..÷..[.z.†........
#.###...................
#.#.##.#..####........#
#....)...# #...######
#.....z..# #.#.#
#........# #...#
#........#


#zzz# ###>%...## #.s.# z......#### ##.## #.###### ###.# ####...##########
#............<...# #.##....########.# #.#..# ......# ..####.# You could see 3
wights.

Vanquished Creatures
  The ghost of Knicklaso the Transmogrifier, an amateur MfTm of Cheibriados (D:3)
  An orc warrior (D:6)
  A sky beast (D:6)
  2 ogres
  Blork the orc (D:5)
  A bullfrog (D:6)
  A water moccasin skeleton (D:4)
  A wight (D:6)
  2 crimson imps (D:5)
  2 hounds
  2 bullfrog skeletons
  An orc wizard (D:6)
  2 iguanas (D:4)
  3 worker ants
  4 adders
  A shadow imp (D:5)
  2 worms
  3 dart slugs
  2 leopard geckos (D:3)
  5 orcs
  4 ball pythons
  A giant cockroach (D:3)
  11 goblins
  6 hobgoblins
  9 jackals
  6 kobolds
  2 quokkas
  12 bats
  5 frilled lizards
  4 rats
98 creatures vanquished.

Notes
Turn   | Place    | Note
-------+----------+-------------------------------------------
     0 | D:1      | Knicklaso the Merfolk Transmuter began the quest for the Orb.
     0 | D:1      | Reached XP level 1. HP: 15/15 MP: 3/3
   202 | D:1      | Reached XP level 2. HP: 16/21 MP: 3/5
   725 | D:1      | Reached XP level 3. HP: 26/26 MP: 4/6
  1159 | D:2      | Learned a level 3 spell: Spider Form
  1239 | D:2      | Reached skill level 5 in Transmutations
  1612 | D:2      | Reached XP level 4. HP: 22/32 MP: 7/7
  1661 | D:2      | Found a glowing golden altar of the Shining One.
  1978 | D:3      | Found a faded altar of an unknown god.
  2067 | D:3      | Noticed Knicklaso's ghost (amateur MfTm)
  2104 | D:3      | Killed Knicklaso's ghost
  2104 | D:3      | Reached XP level 5. HP: 5/37 MP: 2/8
  2104 | D:3      | Reached XP level 6. HP: 6/43 MP: 2/9
  2791 | D:4      | Reached skill level 4 in Unarmed Combat
  2947 | D:4      | Found a deep blue altar of Sif Muna.
  2957 | D:4      | Reached skill level 5 in Unarmed Combat
  2957 | D:4      | Reached XP level 7. HP: 34/48 MP: 6/10
  2968 | D:4      | Found a shadowy altar of Dithmenos.
  3793 | D:4      | Reached skill level 6 in Unarmed Combat
  3890 | D:5      | Entered Level 5 of the Dungeon
  3970 | D:5      | Noticed Blork the orc
  4474 | D:5      | Reached skill level 7 in Unarmed Combat
  4712 | D:5      | Killed Blork the orc
  4737 | D:5      | Reached XP level 8. HP: 25/54 MP: 9/11
  4925 | D:5      | Found a sparkling altar of Nemelex Xobeh.
  5030 | D:5      | Reached skill level 8 in Unarmed Combat
  5126 | D:6      | Got a smoking leather armour
  5137 | D:6      | Identified the cursed +1 leather armour "Maryeman" {+Fly Str+5} (You found it on level 6 of the Dungeon)
  5177 | D:6      | Reached skill level 9 in Unarmed Combat
  5253 | D:6      | Slain by a wight

Skill      XL: |  1  2  3  4  5  6  7  8 |
---------------+-------------------------+-----
Transmutations | 3 4 5 8 |  8.3
Unarmed Combat | 5 7 9 |  9.3
Fighting       | |  1.1
Dodging        | |  2.6
Spellcasting   | |  2.0

Action                   |  1- 3 |  4- 6 |  7- 9 || total
-------------------------+-------+-------+-------++-------
Melee: Unarmed           |   144 |    86 |   149 ||   379
       Headbutt          |    12 |     3 |     8 ||    23
       Punch             |       |       |     1 ||     1
Throw: Stone             |    64 |     1 |       ||    65
 Cast: Beastly Appendage |    20 |     6 |     6 ||    32
       Spider Form       |     2 |     8 |    17 ||    27
  Use: Scroll            |       |     2 |    10 ||    12
       Potion            |       |       |     4 ||     4
  Eat: Chunk             |     3 |     1 |     5 ||     9
       Bread ration      |       |     1 |       ||     1
       Meat ration       |       |       |     1 ||     1
Armor: Robe              |    41 |    10 |     9 ||    60
       Skin              |       |     1 |     2 ||     3
Dodge: Dodged            |   127 |    61 |   104 ||   292
